IL
GWINNETT BRAVES @ RENO ACES
09/21/2044
 
TOP OF THE 1ST
Gwinnett Braves batting - Pitching for Reno Aces : RHP Roberto Preciado
Pitching: RHP Roberto Preciado
Batting: LHB Ricky Ayon 0-0: Called Strike
0-1: Ball
1-1: Swinging Strike
1-2: Strikes out swinging
Batting: RHB Josh Whitmore 0-0: Ball
1-0: Ground out 5-3 (Groundball, 56, EV 101.3 MPH)
Batting: RHB Luis Revilla 0-0: SOLO HOME RUN (Flyball, 78XD, EV 98.8 MPH), Distance : 396 ft
Batting: RHB Jake Lang 0-0: Ball
1-0: Fly out, F9 (Flyball, 9S, EV 73.8 MPH)
Top of the 1st over - 1 run, 1 hit, 0 errors, 0 left on base; Gwinnett 1 - Reno 0
BOTTOM OF THE 1ST
Reno Aces batting - Pitching for Gwinnett Braves : RHP Alan Shanahan
Pitching: RHP Alan Shanahan
Batting: RHB Joe Smack 0-0: Ball
1-0: Ball
2-0: Foul Ball, location: 2F
2-1: Ball
3-1: Base on Balls
Batting: RHB Katilimomi Kelekolio 0-0: Fielders Choice at 2nd, 6-4 (Groundball, 6S, EV 84.4 MPH)
Now at 2B: Josh Whitmore
Now at 3B: Jesse Lester
Batting: LHB Chris Escobar 0-0: Ball
1-0: Ball
2-0: Called Strike
2-1: Grounds into double play, 4-6-3 (Groundball, 34D, EV 89.4 MPH)
Bottom of the 1st over - 0 runs, 0 hits, 0 errors, 0 left on base; Gwinnett 1 - Reno 0
TOP OF THE 2ND
Gwinnett Braves batting - Pitching for Reno Aces : RHP Roberto Preciado
Batting: RHB Jesse Lester 0-0: Called Strike
0-1: Ball
1-1: Called Strike
1-2: Fly out, F7 (Line Drive, 7, EV 105.6 MPH)
Batting: RHB Alex Munoz 0-0: Ball
1-0: Called Strike
1-1: SINGLE (Line Drive, 8RS, EV 93.1 MPH)
Batting: RHB T.J. Jordan 0-0: Reached on error, E6 (Groundball, 6, EV 104.4 MPH)
Alex Munoz to second
Batting: RHB Ethan McCullough 0-0: Called Strike
0-1: Ball
1-1: Ball
2-1: Swinging Strike
2-2: Ball
3-2: Base on Balls
Alex Munoz to third
T.J. Jordan to second
Batting: SHB Tim Rodgers 0-0: Ball
1-0: Swinging Strike
1-1: Foul Ball, location: 2F
1-2: Ball
2-2: Foul Ball, location: 2F
2-2: Fielders Choice at 2nd, 4-6 (Groundball, 4M, EV 82.5 MPH)
Alex Munoz scores
T.J. Jordan to third
Batting: LHB Ricky Ayon 0-0: Ball
1-0: DOUBLE (Flyball, 89D, EV 101.9 MPH)
T.J. Jordan scores
Tim Rodgers to third
Batting: RHB Josh Whitmore 0-0: Ball
1-0: Fly out, F5 (Popup, 15, EV 89.4 MPH)
Top of the 2nd over - 2 runs, 2 hits, 1 error, 2 left on base; Gwinnett 3 - Reno 0
BOTTOM OF THE 2ND
Reno Aces batting - Pitching for Gwinnett Braves : RHP Alan Shanahan
Batting: SHB Salvador Aragon 0-0: Called Strike
0-1: Ball
1-1: SINGLE (Groundball, 25, EV 70.0 MPH) (infield hit)
Pitching: RHP Craig Noble
Batting: RHB Andy Swaim 0-0: Ball
1-0: Ball
2-0: Called Strike
Salvador Aragon steals 2nd base (no throw)
2-1: Swinging Strike
2-2: Fly out, F8 (Flyball, 78D, EV 104.4 MPH)
Batting: RHB Alex Vasquez 0-0: Ball
1-0: Ball
2-0: Called Strike
2-1: Ground out 1-3 (Groundball, 13S, EV 70.0 MPH)
Salvador Aragon to third
Batting: RHB Juan Espinoza 0-0: Ground out 4-3 (Groundball, 4, EV 109.4 MPH)
Bottom of the 2nd over - 0 runs, 1 hit, 0 errors, 1 left on base; Gwinnett 3 - Reno 0
TOP OF THE 3RD
Gwinnett Braves batting - Pitching for Reno Aces : RHP Roberto Preciado
Batting: RHB Luis Revilla 0-0: Foul Ball, location: 2F
0-1: Foul Ball, location: 2F
0-2: Ball
1-2: Ball
2-2: Ball
3-2: Fly out, F8 (Flyball, 8RS, EV 83.8 MPH)
Batting: RHB Jake Lang 0-0: Ball
1-0: Fly out, F3 (Flyball, 3D, EV 95.6 MPH)
Batting: RHB Jesse Lester 0-0: Ball
1-0: Fly out, F8 (Line Drive, 8RD, EV 94.4 MPH)
Top of the 3rd over - 0 runs, 0 hits, 0 errors, 0 left on base; Gwinnett 3 - Reno 0
BOTTOM OF THE 3RD
Reno Aces batting - Pitching for Gwinnett Braves : RHP Craig Noble
Batting: LHB Josh Kirk 0-0: Called Strike
0-1: Ball
1-1: Ball
2-1: Swinging Strike
2-2: Ground out 2-3 (Groundball, 15S, EV 70.6 MPH)
Batting: RHB Tai Joo 0-0: Fly out, F9 (Flyball, 9LS, EV 91.3 MPH)
Batting: RHB Joe Smack 0-0: Ball
1-0: SINGLE (Line Drive, 56D, EV 98.1 MPH)
Batting: RHB Katilimomi Kelekolio 0-0: Ball
1-0: Ball
Joe Smack steals 2nd base
2-0: Foul Ball, location: 2F
2-1: Ball
3-1: Called Strike
3-2: Ground out 6-3 (Groundball, 6S, EV 63.1 MPH)
Bottom of the 3rd over - 0 runs, 1 hit, 0 errors, 1 left on base; Gwinnett 3 - Reno 0
TOP OF THE 4TH
Gwinnett Braves batting - Pitching for Reno Aces : RHP Roberto Preciado
Batting: RHB Alex Munoz 0-0: Ball
1-0: Called Strike
1-1: Ball
2-1: Ground out 6-3 (Groundball, 6M, EV 108.8 MPH)
Batting: RHB T.J. Jordan 0-0: Ball
1-0: Foul Ball, location: 2F
1-1: Ball
2-1: Called Strike
2-2: Ground out 5-3 (Groundball, 5, EV 87.5 MPH)
Batting: RHB Ethan McCullough 0-0: Called Strike
0-1: Fly out, F8 (Line Drive, 8LD, EV 93.8 MPH)
Top of the 4th over - 0 runs, 0 hits, 0 errors, 0 left on base; Gwinnett 3 - Reno 0
BOTTOM OF THE 4TH
Reno Aces batting - Pitching for Gwinnett Braves : RHP Craig Noble
Batting: LHB Chris Escobar 0-0: Foul Ball, location: 2F
0-1: Foul Ball, location: 2F
0-2: Ball
1-2: Ball
2-2: SOLO HOME RUN (Flyball, 9D, EV 100.6 MPH), Distance : 400 ft
Batting: SHB Salvador Aragon 0-0: Called Strike
0-1: Called Strike
0-2: Ball
1-2: Strikes out swinging
Batting: RHB Andy Swaim 0-0: Swinging Strike
0-1: Ball
1-1: Foul Ball, location: 2F
1-2: Hit by Pitch
Batting: RHB Alex Vasquez 0-0: Ball
Andy Swaim steals 2nd base (no throw)
1-0: Reached on error, E5 (Groundball, 56S, EV 85.0 MPH)
Andy Swaim scores
Batting: RHB Juan Espinoza 0-0: Called Strike
0-1: Ball
1-1: Ball
Alex Vasquez steals 3rd base
2-1: Called Strike
2-2: Fly out, F7 (Line Drive, 7, EV 96.9 MPH)
Batting: LHB Josh Kirk 0-0: Swinging Strike
0-1: Ball
1-1: Foul Ball, location: 2F
1-2: Strikes out swinging
Bottom of the 4th over - 2 runs, 1 hit, 1 error, 1 left on base; Gwinnett 3 - Reno 2
TOP OF THE 5TH
Gwinnett Braves batting - Pitching for Reno Aces : RHP Roberto Preciado
Batting: SHB Tim Rodgers 0-0: Called Strike
0-1: Ball
1-1: Ball
2-1: Ground out U3 (Groundball, 34, EV 80.6 MPH)
Batting: LHB Ricky Ayon 0-0: Ball
1-0: Ball
2-0: SINGLE (Groundball, 34S, EV 67.5 MPH) (infield hit)
Batting: RHB Josh Whitmore 0-0: Ball
1-0: Fly out, F8 (Flyball, 89D, EV 91.9 MPH)
Batting: RHB Luis Revilla 0-0: Ball
Ricky Ayon steals 2nd base
1-0: Foul Ball, location: 2F
1-1: Ball
2-1: Ball
3-1: Called Strike
3-2: Strikes out swinging
Top of the 5th over - 0 runs, 1 hit, 0 errors, 1 left on base; Gwinnett 3 - Reno 2
BOTTOM OF THE 5TH
Reno Aces batting - Pitching for Gwinnett Braves : RHP Craig Noble
Batting: RHB Tai Joo 0-0: Called Strike
0-1: DOUBLE (Line Drive, 89XD, EV 102.5 MPH)
Batting: RHB Joe Smack 0-0: Fly out, F8 (Flyball, 8LXD, EV 88.8 MPH)
Runner from 2nd tags up, SAFE at 3rd, no throw by CF
Batting: RHB Katilimomi Kelekolio 0-0: Called Strike
0-1: Ball
1-1: Called Strike
1-2: Ball
2-2: Foul Ball, location: 2F
2-2: Strikes out looking
Batting: LHB Chris Escobar 0-0: Ground out 4-3 (Groundball, 4, EV 85.6 MPH)
Bottom of the 5th over - 0 runs, 1 hit, 0 errors, 1 left on base; Gwinnett 3 - Reno 2
TOP OF THE 6TH
Gwinnett Braves batting - Pitching for Reno Aces : RHP Roberto Preciado
Batting: RHB Jake Lang 0-0: Called Strike
0-1: Foul Ball, location: 2F
0-2: SINGLE (Groundball, 56D, EV 94.4 MPH)
Batting: RHB Jesse Lester 0-0: Called Strike
0-1: Ball
1-1: Grounds into double play, 4-6-3 (Groundball, 4, EV 106.9 MPH)
Batting: RHB Alex Munoz 0-0: Called Strike
0-1: Ball
1-1: Ball
2-1: Ball
3-1: Base on Balls
Batting: RHB T.J. Jordan 0-0: Called Strike
0-1: Ball
Wild Pitch!
Alex Munoz to second
1-1: SINGLE (Groundball, 56D, EV 101.9 MPH)
Alex Munoz to third
Runner from 3rd tries for Home, SAFE, throw by LF to home
Batting: RHB Ethan McCullough 0-0: Ball
1-0: Foul Ball, location: 2F
1-1: Ball
2-1: Fly out, F9 (Flyball, 89M, EV 84.4 MPH)
Top of the 6th over - 1 run, 2 hits, 0 errors, 1 left on base; Gwinnett 4 - Reno 2
BOTTOM OF THE 6TH
Reno Aces batting - Pitching for Gwinnett Braves : RHP Craig Noble
Pitching: RHP Nobuharu Kobayashi
Batting: SHB Salvador Aragon 0-0: Ball
1-0: Ball
2-0: Ball
3-0: Base on Balls
Batting: RHB Andy Swaim 0-0: Swinging Strike
0-1: Ball
1-1: Ball
2-1: Fly out, F8 (Flyball, 78D, EV 105.0 MPH)
Batting: RHB Alex Vasquez 0-0: Called Strike
0-1: Ball
1-1: Fly out, F9 (Flyball, 9, EV 86.3 MPH)
Pinch Hitting: SHB Nestor Ramirez 0-0: Ball
Salvador Aragon steals 2nd base
1-0: Called Strike
1-1: Swinging Strike
1-2: Ball
2-2: Strikes out swinging
Bottom of the 6th over - 0 runs, 0 hits, 0 errors, 1 left on base; Gwinnett 4 - Reno 2
TOP OF THE 7TH
Gwinnett Braves batting - Pitching for Reno Aces : RHP Roberto Preciado
Now in LF: Ruben Rocha
Batting: SHB Tim Rodgers 0-0: Ground out U3 (Groundball, 3, EV 99.4 MPH)
Batting: LHB Ricky Ayon 0-0: Ball
1-0: Called Strike
1-1: Ball
2-1: Ball
3-1: Base on Balls
Batting: RHB Josh Whitmore 0-0: Fly out, F9 (Flyball, 89XD, EV 99.4 MPH)
Batting: RHB Luis Revilla 0-0: Ball
Ricky Ayon steals 2nd base (no throw)
1-0: SINGLE (Flyball, 5D, EV 91.9 MPH)
Ricky Ayon to third
Runner from 3rd tries for Home, SAFE, throw by LF to home
Pitching: RHP Jarrod Kenny
Batting: RHB Jake Lang 0-0: Called Strike
0-1: Ground out 5-3 (Groundball, 56S, EV 76.3 MPH)
Top of the 7th over - 1 run, 1 hit, 0 errors, 1 left on base; Gwinnett 5 - Reno 2
BOTTOM OF THE 7TH
Reno Aces batting - Pitching for Gwinnett Braves : RHP Nobuharu Kobayashi
Batting: LHB Josh Kirk 0-0: Called Strike
0-1: Ball
1-1: Ball
2-1: Ball
3-1: Ground out 4-3 (Groundball, 4, EV 103.8 MPH)
Batting: RHB Tai Joo 0-0: Fly out, F9 (Flyball, 9, EV 80.6 MPH)
Batting: RHB Joe Smack 0-0: Ball
1-0: Foul Ball, location: 2F
1-1: Ball
2-1: Fly out, F8 (Flyball, 8LD, EV 97.5 MPH)
Bottom of the 7th over - 0 runs, 0 hits, 0 errors, 0 left on base; Gwinnett 5 - Reno 2
TOP OF THE 8TH
Gwinnett Braves batting - Pitching for Reno Aces : RHP Jarrod Kenny
Pitching: RHP Manny Ferrer
Batting: RHB Jesse Lester 0-0: Ground out U3 (Groundball, 3S, EV 68.8 MPH)
Batting: RHB Alex Munoz 0-0: Ball
1-0: Called Strike
1-1: Ground out 5-3 (Groundball, 56, EV 81.3 MPH)
Batting: RHB T.J. Jordan 0-0: Ball
1-0: Ball
2-0: Ball
3-0: Called Strike
3-1: Foul Ball, location: 2F
3-2: Strikes out swinging
Top of the 8th over - 0 runs, 0 hits, 0 errors, 0 left on base; Gwinnett 5 - Reno 2
BOTTOM OF THE 8TH
Reno Aces batting - Pitching for Gwinnett Braves : RHP Nobuharu Kobayashi
Pitching: LHP Mario Jimenez
Batting: RHB Katilimomi Kelekolio 0-0: Ball
1-0: Called Strike
1-1: Ball
2-1: Ball
3-1: Foul Ball, location: 2F
3-2: Foul Ball, location: 2F
3-2: Foul Ball, location: 2F
3-2: Base on Balls
Batting: SHB Warren Eisner 0-0: Called Strike
0-1: Fly out, F7 (Flyball, 7LM, EV 86.9 MPH)
Batting: SHB Salvador Aragon 0-0: Ball
1-0: Swinging Strike
1-1: Foul Ball, location: 2F
1-2: Fly out, F9 (Flyball, 89M, EV 96.9 MPH)
Batting: RHB Andy Swaim 0-0: Fly out, F8 (Flyball, 8LXD, EV 101.9 MPH)
Bottom of the 8th over - 0 runs, 0 hits, 0 errors, 1 left on base; Gwinnett 5 - Reno 2
TOP OF THE 9TH
Gwinnett Braves batting - Pitching for Reno Aces : RHP Manny Ferrer
Pitching: RHP Chris Bullerman
Batting: RHB Ethan McCullough 0-0: Called Strike
0-1: Called Strike
0-2: Ball
1-2: Strikes out looking
Batting: SHB Tim Rodgers 0-0: Ground out 5-3 (Groundball, 56, EV 86.9 MPH)
Batting: LHB Ricky Ayon 0-0: Fly out, F6 (Popup, 4MD, EV 55.6 MPH)
Top of the 9th over - 0 runs, 0 hits, 0 errors, 0 left on base; Gwinnett 5 - Reno 2
BOTTOM OF THE 9TH
Reno Aces batting - Pitching for Gwinnett Braves : LHP Mario Jimenez
Pitching: RHP Will Patterson
Batting: RHB Alex Vasquez 0-0: Fly out, F6 (Line Drive, 6, EV 69.4 MPH)
Batting: LHB Ruben Rocha 0-0: SINGLE (Groundball, 4D, EV 101.3 MPH)
Batting: LHB Josh Kirk 0-0: Called Strike
0-1: Foul Ball, location: 2F
0-2: Grounds into double play, 4-6-3 (Groundball, 4, EV 80.6 MPH)
Bottom of the 9th over - 0 runs, 1 hit, 0 errors, 0 left on base; Gwinnett 5 - Reno 2
Thursday, March 31st , 2022 - OOTP Baseball 22.12 Build 89